 Dungeon Crawl Stone Soup version 0.27.1-37-g7b29ead8ac (webtiles) character file.

Game seed: 1268278421472563756

901 Sharkman1231 the Charlatan (level 7, -4/62 HPs)
             Began as a Red Draconian Artificer on June 10, 2023.
             Was an Initiate of Makhleb.
             Slain by an ogre (28 damage)
             ... on level 6 of the Dungeon.
             The game lasted 00:05:23 (5796 turns).

Sharkman1231 the Charlatan (DrAr)                   Turns: 5796, Time: 00:05:24

Health: -4/62      AC:  6    Str: 15    XL:     7   Next: 80%
Magic:  7/7        EV: 12    Int: 11    God:    Makhleb [......]
Gold:   226        SH:  0    Dex: 19    Spells: 6/6 levels left

rFire    + . .     SeeInvis .   a - +1 whip (venom)
rCold    . . .     Faith    .   (no shield)
rNeg     . . .     Spirit   .   (armour unavailable)
rPois    .         Reflect  .   (helmet restricted)
rElec    .         Harm     .   (no cloak)
rCorr    .         Rampage  .   (no gloves)
Will     .....                  (no boots)
Stlth    ++........             (no amulet)
HPRegen  0.20/turn              l - +6 ring of dexterity
MPRegen  0.10/turn              (no ring)

@: no status effects
A: breathe fire, AC +6, unfitting armour, fire resistance 1, cold-blooded
a: Breathe Fire, Renounce Religion


You were on level 6 of the Dungeon.
You worshipped Makhleb.
Makhleb was noncommittal.
You visited 1 branch of the dungeon, and saw 6 of its levels.

You collected 226 gold pieces.

Inventory:

Hand Weapons
 a - a +1 whip of venom (weapon)
 g - a +0 club
Armour
 k - a +0 kite shield
Jewellery
 l - a +6 ring of dexterity (left hand)
Wands
 b - a wand of flame (5) (quivered)
 c - a wand of charming (12)
 m - a wand of iceblast (8)
Scrolls
 e - a scroll of vulnerability {unknown}
 f - 3 scrolls of identify {unknown}
 h - a scroll of magic mapping {unknown}
 j - a scroll of summoning {unknown}
 o - a scroll of fog {unknown}
 q - 2 scrolls of enchant armour {unknown}
 s - a scroll of teleportation {unknown}
Potions
 i - a potion of magic {unknown}
 n - a potion of degeneration {unknown}
 p - 3 potions of curing {unknown}
 r - a potion of might {unknown}
 t - a potion of berserk rage {unknown}
 u - a potion of mutation {unknown}
 v - a potion of resistance {unknown}
 w - a potion of ambrosia {unknown}
 x - a potion of flight {unknown}
Miscellaneous
 d - a piece from Xom's chessboard (15/15)


   Skills:
 + Level 5.7 Fighting
 + Level 4.7 Maces & Flails
 - Level 2.1 Dodging
 - Level 0.8 Stealth
 + Level 6.0 Evocations


You had 6 spell levels left.
You didn't know any spells.
Your spell library was empty.

Dungeon Overview and Level Annotations

Branches:
Dungeon (5/15)
 Temple: D:4-7

Altars:
Hepliaklqana
Makhleb
Vehumet
Xom
Yredelemnul

Annotations:
D:3 1 runed translucent door, Aldia's ghost, amateur OpWz


Innate Abilities, Weirdness & Mutations

You can breathe blasts of fire.
Your fiery red scales are hard. (AC +6)
You cannot fit into any form of body armour.
Your flesh is heat resistant. (rF+)
You are cold-blooded and may be slowed by cold attacks.


Message History

You tail-slap the white imp, but do no damage.
You closely miss the white imp.
The white imp hits you but does no damage.
You hit the white imp.
The white imp is poisoned.
The white imp is moderately wounded.
The white imp gestures at you. The puff of frost hits you.
Press: ? - help, Shift-Dir - straight line, f - white imp
Aim: a white imp (moderately wounded, very poisoned)
Okay, then.
Press: ? - help, Shift-Dir - straight line, f - white imp
Aim: a white imp (moderately wounded, very poisoned)
You breathe a blast of fire.
The fiery breath hits the white imp!
The white imp is burned terribly!
You kill the white imp!
Makhleb accepts your kill.
The killer bee zombie is engulfed in blazing flames.
The killer bee zombie hits you.
You hit the killer bee zombie. You tail-slap the killer bee zombie.
The killer bee zombie is severely damaged.
The killer bee zombie is engulfed in blazing flames.
You destroy the killer bee zombie!
Makhleb accepts your kill.
No target in view!
You start resting.
HP restored.
An ogre comes into view. It is wielding a +0 giant club.
An ogre is nearby!
An ogre is nearby!
You barely miss the ogre. The ogre hits you with a +0 giant club!
You hit the ogre.
The ogre is poisoned.
The ogre is lightly wounded.
You have got your breath back.
You barely miss the ogre.
The ogre is lightly wounded.
The ogre hits you with a +0 giant club!!
You barely miss the ogre.
The ogre is lightly wounded.
The ogre hits you with a +0 giant club!!
You die...

#..........##..
#..............
#..............
#..............
.................
..................
###...........$...
###.............
####..@.......
#..O.......
#..........
#..........
#..........
....#......
......###...
...#... ###


You could see an ogre (very poisoned).

Vanquished Creatures
  An ogre (D:3)
  A phantom (D:5)
  Blork the orc (D:4)
  2 scorpions (D:5)
  A water moccasin zombie (D:5)
  2 water moccasin skeletons (D:5)
  A crimson imp (D:4)
  A gnoll shaman (D:4)
  2 orc priests
  A hound (D:5)
  An orc wizard (D:3)
  A killer bee zombie (D:6)
  4 gnolls
  3 adders
  A white imp (D:6)
  3 dart slugs
  11 orcs
  5 bats
  5 endoplasms
  7 giant cockroaches
  12 goblins
  8 hobgoblins
  11 jackals
  5 kobolds
  4 quokkas
  4 ball pythons
  A frilled lizard (D:2)
  7 rats
106 creatures vanquished.

Vanquished Creatures (collateral kills)
  3 gnolls
3 creatures vanquished.

Grand Total: 109 creatures vanquished

Notes
Turn   | Place    | Note
-------+----------+-------------------------------------------
     0 | D:1      | Sharkman1231 the Draconian Artificer began the quest for
                  | the Orb.
     0 | D:1      | Reached XP level 1. HP: 16/16 MP: 1/1
    47 | D:1      | Reached XP level 2. HP: 9/24 MP: 2/2
   441 | D:1      | Found a faded altar of an unknown god.
   608 | D:1      | Reached XP level 3. HP: 27/29 MP: 3/3
   910 | D:2      | Found a shimmering altar of Xom.
  1018 | D:2      | Reached skill level 1 in Maces & Flails
  1896 | D:3      | Found a basalt altar of Yredelemnul.
  1913 | D:3      | Reached XP level 4. HP: 34/37 MP: 4/4
  1927 | D:3      | Reached skill level 4 in Evocations
  2282 | D:3      | Found a runed translucent door.
  2282 | D:3      | Noticed a centaur
  2282 | D:3      | Noticed Aldia's ghost (amateur OpWz)
  2479 | D:3      | Found a shimmering altar of Xom.
  2603 | D:3      | Noticed an ogre
  2631 | D:3      | Reached XP level 5. HP: 31/45 MP: 5/5
  2636 | D:3      | Killed an ogre
  3260 | D:4      | Noticed Blork the orc
  3515 | D:4      | Killed Blork the orc
  3516 | D:4      | Reached XP level 6. HP: 34/52 MP: 6/6
  3988 | D:4      | Reached skill level 5 in Evocations
  4650 | D:4      | Found a burning altar of Makhleb.
  4651 | D:4      | Found a radiant altar of Vehumet.
  4703 | D:4      | Became a worshipper of Makhleb the Destroyer
  4748 | D:5      | Entered Level 5 of the Dungeon
  4765 | D:5      | Your scales start taking on a fiery red colour.
  4765 | D:5      | Reached XP level 7. HP: 47/60 MP: 7/7
  4765 | D:5      | Gained mutation: Your flesh is heat resistant. (rF+) [Red
                  | Draconian growth]
  5072 | D:5      | Reached skill level 5 in Fighting
  5518 | D:5      | Found a hazy altar of Hepliaklqana.
  5721 | D:5      | Reached skill level 6 in Evocations
  5765 | D:5      | You fall into a shaft and drop 1 floor!
  5796 | D:6      | Slain by an ogre

Illustrated notes

Levels and vault maps discovered:
D:1:      minmay_arrival_four_circles, layout_rooms,
          hellmonk_ecumenical_altar_dog_temple
D:2:      cheibrodos_greedy_goblins, layout_loops_ring, basic_altar
D:3:      layout_basic, mainiacjoe_overflow_catwalk_spiral,
          ebering_ghost_inner_flame
D:4:      layout_gridville, grunt_temple_overflow_lords_of_destruction,
          chequers_serial_rivers_micro_a, uniq_blork_the_orc
D:5:      layout_loops_ring, nzn_hepliaklqana_mist_gate,
          chequers_decorated_corner, minivault_14
D:6:      layout_layer_cave

Skill      XL: |  1  2  3  4  5  6  7 |
---------------+----------------------+-----
Fighting       | 2 3 4 5 |  5.7
Maces & Flails | 1 2 3 4 |  4.7
Evocations     | 4 5 6 |  6.0
Dodging        | |  2.1
Stealth        | |  0.8

Action                   |  1- 3 |  4- 6 |  7- 9 || total
-------------------------+-------+-------+-------++-------
Melee: Club              |    15 |       |       ||    15
       Tailslap          |    15 |    27 |    15 ||    57
       Whip              |   101 |   153 |    67 ||   321
 Abil: Breathe Fire      |       |       |     2 ||     2
Evoke: Wand              |     9 |     5 |       ||    14
       Piece from Xom's  |     6 |     3 |       ||     9
 Stab: Petrified         |     5 |       |       ||     5
       Sleeping          |     5 |     1 |     1 ||     7
Armor: Skin              |    41 |    44 |    18 ||   103
Dodge: Dodged            |    92 |    99 |    36 ||   227
